AoeStats
← Embege

African Clearing

510489647Analyzed
4v4 RM · 1d ago on Oct 1, 2026· 42m 2s· 8 players
Game mode
Random Map
Map size
Large (8 player)
Population
200
Speed
Normal
Resources
Standard
Victory
Conquest
Starting age
Dark Age
Ending age
Imperial Age
RankedLock teamsTeams togetherTeam positionsShared explorationLock speedFull tech treeHidden civsTurbo modeCheats
Victory
Defeat
🇫🇷 Mongols · France
1549
+12
🇹🇼 Berbers · Taiwan
1545
+12
🇪🇸 Huns · Spain
1517
+13
1421
+17
🇨🇳 Vikings · China
1576
-19
🇨🇳 Huns · China
1420
-12
🇮🇩 Jurchens · Indonesia
1412
-12
🇨🇳 Italians · China
1385
-11
Pelopincho
4:14 Loom
11:52 Feudal Age
12:38 Double-Bit Axe
15:17 Scale Barding Armor
15:22 Forging
18:40 Town Watch
19:46 Wheelbarrow
23:47 Castle Age
22:17 Bloodlines
23:53 Light Cavalry
24:35 Husbandry
24:57 Chain Barding Armor
25:13 Iron Casting
24:52 Bow Saw
24:35 Gold Mining
24:35 Stone Mining
25:42 Horse Collar
28:12 Iron Casting
30:19 Gold Shaft Mining
31:22 Heavy Plow
33:24 Hand Cart
39:42 Imperial Age
40:01 Cavalier
41:19 Plate Barding Armor
42:02 Two-Man Saw
41:59 Conscription
41:49 Paladin
Jhih
14:08 Feudal Age
14:18 Loom
15:28 Double-Bit Axe
17:56 Castle Age
17:12 Forging
18:05 Scale Barding Armor
18:31 Bloodlines
24:18 Horse Collar
27:34 Bow Saw
30:29 Ballistics
30:53 Wheelbarrow
31:17 Treadmill Crane
35:59 Husbandry
37:47 Murder Holes
37:43 Fletching
37:57 Gold Mining
39:36 Stone Mining
40:25 Chain Barding Armor
40:01 Bodkin Arrow
44:26 Imperial Age
42:46 Iron Casting
海岛奇兵常凯申
9:28 Loom
11:56 Feudal Age
15:57 Castle Age
15:06 Double-Bit Axe
15:23 Horse Collar
20:41 Fletching
21:56 Bodkin Arrow
24:58 Padded Archer Armor
27:57 Stone Mining
33:02 Imperial Age
31:39 Wheelbarrow
32:40 Leather Archer Armor
36:08 Chemistry
35:59 Conscription
36:19 Bracer
36:48 Ballistics
36:59 Conscription
40:06 Ring Archer Armor
40:16 Elite Genoese Crossbowman
41:16 Scale Mail Armor
41:26 Forging
retaux
11:44 Feudal Age
12:38 Feudal Age
11:44 Loom
13:26 Double-Bit Axe
16:13 Castle Age
16:51 Horse Collar
21:13 Fletching
25:19 Bodkin Arrow
28:06 Wheelbarrow
27:17 Town Watch
28:18 Bow Saw
31:28 Padded Archer Armor
33:49 Bloodlines
35:16 Husbandry
36:56 Ballistics
39:17 Hand Cart
39:39 Leather Archer Armor
43:56 Imperial Age
41:56 Thumb Ring
我是你巴巴
12:11 Feudal Age
15:57 Castle Age
14:16 Double-Bit Axe
14:13 Horse Collar
17:03 Bow Saw
16:50 Loom
23:00 Fervor
23:32 Scale Mail Armor
23:44 Squires
27:40 Town Watch
33:08 Imperial Age
31:08 Heavy Plow
31:43 Chain Mail Armor
31:38 Forging
32:39 Arson
33:50 Iron Casting
34:10 Chieftains
34:30 Conscription
34:55 Plate Mail Armor
37:14 Blast Furnace
37:06 Gold Mining
Embege
3:45 Loom
14:12 Feudal Age
17:56 Castle Age
16:00 Double-Bit Axe
16:22 Fletching
18:32 Bodkin Arrow
18:38 Padded Archer Armor
19:04 Bow Saw
22:48 Ballistics
蒜香骨
3:08 Loom
12:18 Feudal Age
18:07 Castle Age
17:20 Double-Bit Axe
25:21 Fletching
27:40 Bodkin Arrow
33:34 Ballistics
36:23 Padded Archer Armor
37:36 Husbandry
棒总
4:33 Loom
14:09 Feudal Age
18:18 Castle Age
17:10 Fletching
17:15 Double-Bit Axe
20:40 Padded Archer Armor
36:37 Wheelbarrow
36:28 Bodkin Arrow
37:47 Bow Saw
38:13 Gold Mining
38:18 Stone Mining
Connection lost

Rejoining the realm…

Still unreachable

The connection could not be restored.

Session expired

The server has moved on; the page needs a fresh start.